 Dungeon Crawl Stone Soup version 0.27.1-2-g3b301248ec (webtiles) character file.

Game seed: 2560805399255027981

5367 ABBCCCDDDD the Fighter (level 10, -1/76 HPs)
             Began as an Octopode Abyssal Knight on Sept 28, 2021.
             Was a Priest of Lugonu.
             Slain by a warg (7 damage)
             ... led by an orc warlord
             ... on level 9 of the Dungeon.
             The game lasted 00:18:20 (14237 turns).

ABBCCCDDDD the Fighter (Octopode Abyssal Knight)   Turns: 14237, Time: 00:18:21

Health: -1/76      AC:  1    Str: 12    XL:     10   Next: 65%
Magic:  22/22      EV: 13    Int: 18    God:    Lugonu [***...]
Gold:   724        SH:  0    Dex: 11    Spells: 9/9 levels left

rFire    + . .     SeeInvis .   a - +3 falchion (flame)
rCold    . . .     Faith    .   (no shield)
rNeg     + . .     Spirit   .   (helmet restricted)
rPois    .         Reflect  .   (no amulet)
rElec    .         Harm     .   q - ring of protection from fire
rCorr    .         Rampage  .   v - ring of magical power
Will     .....                  B - ring of positive energy
Stlth    ++++......             (no ring)
HPRegen  0.22/turn              (no ring)
MPRegen  0.18/turn              (no ring)
                                (no ring)
                                (no ring)

@: no status effects
A: almost no armour, amphibious, 8 rings, camouflage 1, gelatinous body 1,
(nimble swimmer 1), tentacles
a: Renounce Religion, Depart the Abyss, Bend Space, Banish


You were on level 9 of the Dungeon.
You worshipped Lugonu.
Lugonu was most pleased with you.
You visited 2 branches of the dungeon, and saw 12 of its levels.
You visited the Abyss 1 time.

You collected 724 gold pieces.

Inventory:

Hand Weapons
 a - a +3 falchion of flaming (weapon)
Missiles
 h - 29 poisoned darts (quivered)
 j - 3 boomerangs
 z - a throwing net
Jewellery
 d - a ring of fire
 f - a ring of ice
 q - a ring of protection from fire (left tentacle)
 v - a ring of magical power (right tentacle)
 y - an amulet of faith
 B - a ring of positive energy (on tentacle)
Wands
 b - a wand of flame (19)
 g - a wand of iceblast (9)
 C - a wand of acid (5)
Scrolls
 i - a scroll of brand weapon
 m - a scroll of immolation
 p - a scroll of torment
 r - 2 scrolls of amnesia
 s - a scroll of enchant weapon
 w - 3 scrolls of magic mapping
Potions
 e - 8 potions of curing
 k - a potion of flight {unknown}
 l - a potion of might {unknown}
 n - a potion of ambrosia {unknown}
 o - 2 potions of haste {unknown}
 t - a potion of attraction {unknown}
 u - a potion of resistance
 x - a potion of lignification {unknown}


   Skills:
 + Level 10.2 Fighting
 - Level 9.0 Long Blades
 - Level 2.0 Throwing
 - Level 2.3 Dodging
 - Level 5.0 Stealth
 + Level 5.0 Invocations
 - Level 6.0 Evocations


You had 9 spell levels left.
You didn't know any spells.
Your spell library contained the following spells:

 Spells                   Type           Power      Damage    Failure   Level
 Foxfire                  Conj/Fire      0%         2x1d4     22%         1
 Magic Dart               Conj           0%         1d3       22%         1
 Ensorcelled Hibernation  Hex/Ice        0%         N/A       32%         2
 Searing Ray              Conj           0%         3d3       32%         2
 Conjure Flame            Conj/Fire      0%         6-21      54%         3
 Inner Flame              Hex/Fire       0%         N/A       54%         3
 Spider Form              Tmut/Pois      0%         N/A       54%         3
 Fulminant Prism          Conj/Hex       0%         3d6       91%         4
 Shadow Creatures         Summ           N/A        N/A       100%        6


Dungeon Overview and Level Annotations

Branches:
Dungeon (11/15)            Temple (0/1) D:7            Lair (0/6) D:9
    Orc (1/2) D:9

Altars:
Elyvilon
Hepliaklqana
Trog
Uskayaw
Wu Jian
The Shining One

Shops:
D:2 [

Annotations:
D:2 1 runed translucent door, Crazy Yiuf, Terence
D:4 exclusions: ogre, orc and orc wizard
D:5 Grinder
D:6 Menkaure
D:7 exclusion: gargoyle
D:8 exclusion: two-headed ogre
D:9 exclusion: freezing wraith


Innate Abilities, Weirdness & Mutations

You cannot wear most types of armour.
You are amphibious.
You can wear up to eight rings at the same time.
Your skin changes colour to match your surroundings (Stealth+).
Your rubbery body absorbs attacks. (AC +1, EV +1)
((You are camouflaged near water. (Stealth+)))
You have tentacles for arms and can constrict up to eight enemies at once.


Message History

There is a staircase to the Orcish Mines here.
You climb downwards.
Welcome to the Orcish Mines!
The orc wizard shouts!
The warg howls!
You hear a shout! x7
Found 27 gold pieces.
There is a staircase back to the Dungeon here.
Okay, then.
An orc warrior comes into view. It is wielding a +0 dire flail.
An orc wizard comes into view. It is wielding a +0 dagger.
An orc warlord comes into view. It is wielding a +2 battleaxe.
An orc warrior comes into view. It is wielding a +0 long sword.
An orc warrior comes into view. It is wielding a +0 war axe.
An orc warrior comes into view. It is wielding a +0 trident.
The warg bites you!!
The orc warlord roars a battlecry!
The orcs go into a battle-frenzy!
The warg howls!
You hear a shout!
The warg misses you.
You riposte.
You miss the warg.
You climb upwards.
Welcome back to the Dungeon!
Level annotation: exclusion: freezing wraith
There is a staircase to the Orcish Mines here.
You hit the warg. You burn the warg.
The warg is lightly wounded.
The warg bites you!
You hit the warg. You burn the warg. Your squeeze misses the warg.
The warg is moderately wounded.
The warg bites you.
You closely miss the warg.
The warg is moderately wounded.
The warg closely misses you. The warg bites you!
You closely miss the warg.
The warg is moderately wounded.
The warg bites you!
You closely miss the warg.
The warg is moderately wounded.
The warg bites you!!
* * * LOW HITPOINT WARNING * * *
You slash the warg! You burn the warg.
The warg is heavily wounded.
The warg bites you!
You die...

........#................§≈≈≈≈.≈≈
..#................##...###......
.##.....##...........##.##.......
........##..............##.......
.....#..#...............)....(...
..#####.#..............####......
..## #..#..............##........
...####....................#.....
....##..#.......@..........#..>..
#...##..##.......h...............
##..#...##.......................
#.....###...................#....
.......##..............#.......#.
#.................#....#......###
#.<).)............##..........###
............................#....
..............................##.


You could see a warg.

Levels and vault maps discovered:
D:1:      dpeg_arrival_stone_temple_mockup, layout_rooms,
          chequers_serial_rivers_room_a
D:2:      minmay_chambers_of_ones, layout_loops_cross,
          dreamdust_ecumenical_altar_hidden_monk_grotto, serial_shops,
          nicolae_shop_waterfront, uniq_terence, uniq_crazy_yiuf_cottage
D:3:      layout_rooms, overflow_temple_1_default, elyvilon_altar_5,
          grunt_ministairs_12, chequers_garden
D:4:      layout_basic, chequers_serial_rivers_large_a,
          hangedman_decor_slide_cut, uniq_edmund
D:5:      layout_cave_pools, mainiacjoe_overflow_tiny_flanked,
          mainiacjoe_overflow_catwalk, serial_column_ruins, column_ruins_grid_1,
          column_ruins_open_tiny_water, column_ruins_columns_straight,
          column_ruins_open_small, hangedman_minor_gate_pass, uniq_pikel,
          uniq_grinder, uniq_blork_the_orc
D:6:      layout_loops_ring, old_standard_altar, uniq_menkaure
D:7:      layout_loops_ring, amethyst_overflow_temple_binary,
          minmay_temple_entry_large_hall, serial_co_window_serial,
          co_window_corner_a, co_window_paths_b, co_window_paths_a,
          co_window_paths_a, co_window_paths_b, co_window_unsneaky_path_d,
          co_window_cross_3, co_window_broadway_b, co_window_corner_ca,
          co_window_4corner_a, glass_columns_c
D:8:      layout_cave_pools
D:9:      layout_cave_pools, lightli_temple_of_fire, david_lair_generic,
          david_orc_3
D:10:     layout_rooms, grunt_temple_overflow_growth_and_decay,
          grunt_ashenzari_visionary [grunt_ashenzari_visionary_swamp,
          grunt_ashenzari_visionary_snake], lemuel_crystal_altar,
          lemuel_round_altar
D:11:     layout_roguey, enter_bailey_1
Orc:1:    layout_diamond_mine, serial_shops, bh_open_orc_temple

Notes
Turn   | Place    | Note
-------+----------+-------------------------------------------
     0 | Abyss:1  | ABBCCCDDDD the Octopode Abyssal Knight began the quest for
                  | the Orb.
     0 | Abyss:1  | Reached XP level 1. HP: 16/16 MP: 2/2
    84 | Abyss:2  | Found a corrupted altar of Lugonu.
   110 | Abyss:2  | Found a corrupted altar of Lugonu.
   116 | Abyss:2  | Noticed a tentacled starspawn
   133 | D:1      | Escaped the Abyss
   174 | D:1      | Reached * piety under Lugonu
   221 | D:1      | Reached XP level 2. HP: 21/21 MP: 3/3
   882 | D:1      | Reached XP level 3. HP: 25/26 MP: 4/4
  1186 | D:2      | Found a runed translucent door.
  1187 | D:2      | Noticed Crazy Yiuf
  1419 | D:2      | Noticed Terence
  1476 | D:2      | Reached skill level 1 in Stealth
  1489 | D:2      | Found a faded altar of an unknown god.
  1567 | D:2      | Found Aptelel's Armour Emporium.
  1891 | D:2      | Reached XP level 4. HP: 33/33 MP: 5/5
  2163 | D:3      | Found an ornate altar of the Wu Jian Council.
  2504 | D:3      | Found a white marble altar of Elyvilon.
  2590 | D:3      | Reached skill level 1 in Throwing
  2598 | D:3      | Reached ** piety under Lugonu
  2775 | D:3      | Reached skill level 4 in Fighting
  2777 | D:3      | Reached XP level 5. HP: 26/37 MP: 6/6
  3484 | D:4      | Noticed Edmund
  3771 | D:4      | Noticed an ogre
  3894 | D:4      | Reached XP level 6. HP: 41/44 MP: 7/7
  4287 | D:5      | Entered Level 5 of the Dungeon
  4288 | D:5      | Noticed Pikel
  4324 | D:5      | Noticed Blork the orc
  4699 | D:5      | Noticed Grinder
  4699 | D:5      | Noticed an ice beast
  5031 | D:4      | Killed Edmund
  5133 | D:4      | Reached skill level 5 in Fighting
  5133 | D:4      | Reached XP level 7. HP: 50/50 MP: 8/8
  5183 | D:4      | Reached skill level 5 in Stealth
  5560 | D:5      | Reached skill level 5 in Long Blades
  5819 | D:5      | Killed Blork the orc
  5884 | D:5      | Found a hide-covered altar of Uskayaw.
  6043 | D:4      | Killed Pikel
  6044 | D:4      | Reached skill level 7 in Fighting
  6044 | D:4      | Reached XP level 8. HP: 45/60 MP: 9/9
  6224 | D:5      | Found a hazy altar of Hepliaklqana.
  7271 | D:6      | Reached XP level 9. HP: 66/66 MP: 10/10
  7341 | D:6      | Reached skill level 8 in Fighting
  7628 | D:6      | Noticed Menkaure
  7993 | D:6      | Found a glowing golden altar of the Shining One.
  8191 | D:7      | Found a staircase to the Ecumenical Temple.
  8206 | D:7      | Reached skill level 1 in Evocations
  8407 | D:7      | Noticed a gargoyle
  9545 | D:8      | Noticed a two-headed ogre
 10539 | D:9      | Noticed a troll
 10548 | D:9      | Noticed a troll
 10829 | D:9      | Noticed a freezing wraith
 11636 | D:9      | Noticed a freezing wraith
 11821 | D:9      | Killed a troll
 11822 | D:9      | Reached skill level 9 in Fighting
 12131 | D:9      | Killed a troll
 12131 | D:9      | Reached *** piety under Lugonu
 12132 | D:9      | Reached XP level 10. HP: 54/74 MP: 11/11
 12883 | D:9      | Found a staircase to the Orcish Mines.
 12961 | D:9      | Noticed a death knight
 12981 | D:9      | Killed a death knight
 12982 | D:9      | Reached skill level 5 in Evocations
 12999 | D:9      | Reached skill level 10 in Fighting
 13347 | D:9      | Found a bloodstained altar of Trog.
 13463 | D:9      | Found a staircase to the Lair.
 13609 | D:10     | Entered Level 10 of the Dungeon
 14116 | D:10     | Reached skill level 5 in Invocations
 14186 | D:10     | Noticed a two-headed ogre
 14225 | Orc:1    | Entered Level 1 of the Orcish Mines
 14227 | Orc:1    | Noticed an orc warlord
 14237 | D:9      | Slain by a warg

Table legend: (Time is in decaauts)
 A = Elapsed time spent in this place.
 B = Non-inter-level travel time spent in this place.
 C = Inter-level travel time spent in this place.
 D = Time resting spent in this place.
 E = Time spent auto-exploring this place.
 F = Levels seen in this place.
 G = Mean time per level.
                   A        B        C        D        E       F      G
               +--------+--------+--------+--------+--------+-----+--------+
         Total |  14252 |  13657 |    595 |   5286 |   6318 |  14 | 1018.0 |
       Dungeon |  14114 |  13519 |    595 |   5286 |   6241 |  11 | 1283.1 |
  Orcish Mines |      5 |      5 |      0 |      0 |      0 |   1 |    5.0 |
         Abyss |    132 |    132 |      0 |      0 |     77 |   2 |   66.0 |
               +--------+--------+--------+--------+--------+-----+--------+

Top non-repeatable levels by time:
     D:8: 2758 daAuts
     D:4: 2021 daAuts
     D:5: 1474 daAuts
     D:9: 1381 daAuts
     D:7: 1367 daAuts
     D:3: 1338 daAuts
     D:2: 1210 daAuts
     D:6: 1155 daAuts
     D:1: 797 daAuts
    D:11: 455 daAuts
    D:10: 155 daAuts
 Abyss:1: 84 daAuts
 Abyss:2: 48 daAuts
   Orc:1: 5 daAuts

Table legend:
 A = Kills in this place as a percentage of kills in entire the game.
 B = Kills by you in this place as a percentage of kills by you in the entire game.
 C = Kills by friends in this place as a percentage of kills by friends in the entire game.
 D = Other kills in this place as a percentage of other kills in the entire game.
 E = Experience gained in this place as a percentage of experience gained in the entire game.
 F = Experience gained in this place divided by the number of levels of this place that you have seen.
                   A       B       C       D       E      F
               +-------+-------+-------+-------+-------+----------------------
         Total | 100.0 | 100.0 |   N/A |   N/A | 100.0 | 547.7
       Dungeon | 100.0 | 100.0 |   N/A |   N/A | 100.0 | 697.1
               +-------+-------+-------+-------+-------+----------------------

Action                   |  1- 3 |  4- 6 |  7- 9 | 10-12 || total
-------------------------+-------+-------+-------+-------++-------
Melee: Falchion          |    70 |    91 |   189 |    60 ||   410
       Constrict         |    20 |    22 |    40 |     9 ||    91
       Tentacles         |    13 |    17 |    50 |    11 ||    91
Throw: Dart              |       |    12 |    14 |    21 ||    47
       Boomerang         |       |     1 |       |       ||     1
Invok: Depart the Abyss  |     1 |       |       |       ||     1
Evoke: Wand              |       |     3 |    21 |    10 ||    34
  Use: Scroll            |     2 |     6 |     6 |     2 ||    16
       Potion            |       |       |     2 |       ||     2
 Stab: Sleeping          |     6 |     8 |     9 |     1 ||    24
       Paralysed         |       |       |    11 |    11 ||    22
Armor: Skin              |     6 |     5 |     6 |     7 ||    24
Dodge: Dodged            |    41 |    52 |   117 |    47 ||   257
       Rpst.: Falchion   |     6 |    13 |    39 |    16 ||    74

Vanquished Creatures
  A death knight (D:9)
  Pikel (D:4)
  3 freezing wraiths (D:9)
  2 trolls (D:9)
  A yak (D:8)
  A wyvern (D:9)
  A basilisk (D:8)
  2 wargs (D:8)
  A water moccasin (D:9)
  Edmund (D:4)
  An orc warrior (D:10)
  A hornet zombie (D:7)
  An ice beast (D:4)
  2 black bears
  A necrophage (D:6)
  An ogre (D:5)
  2 centaurs
  3 lemures
  Blork the orc (D:5)
  A bullfrog (D:6)
  A water moccasin skeleton (D:6)
  8 killer bees
  3 wights (D:6)
  A centaur zombie (D:9)
  2 gnoll shamans
  3 hounds
  2 jellies
  A bullfrog skeleton (D:5)
  4 orc priests
  3 centaur skeletons
  6 iguanas
  4 orc wizards
  A killer bee zombie (D:8)
  2 howler monkey zombies
  8 gnolls
  5 adders
  2 shadow imps
  4 white imps
  3 worms
  4 dart slugs
  20 orcs
  4 bats
  6 endoplasms
  3 giant cockroaches
  7 goblins
  4 hobgoblins
  4 jackals (D:1)
  3 quokkas
  4 ball pythons
  2 frilled lizards
  5 kobolds
  A quokka skeleton (D:4)
  6 rats
164 creatures vanquished.
